 Dungeon Crawl Stone Soup version 0.17-a0-1632-g0af21bd (webtiles) character file.

7075 urechis the Grappler (level 10, -5/106 HPs)
             Began as a Troll Monk on Aug 3, 2015.
             Slain by a spiny frog (23 damage)
             ... on level 6 of the Lair of Beasts.
             The game lasted 00:16:47 (7164 turns).

urechis the Grappler (Troll Monk)                   Turns: 7164, Time: 00:16:48

Health: -5/106     AC:  8    Str: 22    XL:     10   Next: 84%
Magic:  9/9        EV: 10    Int:  6    God:
Gold:   651        SH:  0    Dex: 14    Spells: 0 memorised, 9 levels left

rFire  + + .     SeeInvis .       - Unarmed
rCold  . . .     Clarity  .     C - +2 robe {rF+}
rNeg   . . .     SustAt   .     (no shield)
rPois  .         Gourm    +     (helmet restricted)
rElec  .         Spirit   .     j - +0 cloak (curse)
rCorr  .         Warding  .     (gloves unavailable)
rMut   .         Stasis   .     (boots unavailable)
MR     .....                    (no amulet)
Stlth  ++........               (no ring)
                                s - ring of protection from fire

@: not resistant to hostile enchantments, unstealthy
A: unfitting armour, claws 3, fast metabolism 3, gourmand, regeneration 2,
shaggy fur 1, tough skin 2
a: no special abilities


You were on level 6 of the Lair of Beasts.
You were not hungry.

You visited 3 branches of the dungeon, and saw 15 of its levels.

You collected 651 gold pieces.

Inventory:

Missiles
 n - 3 throwing nets (quivered)
Armour
 j - a cursed +0 cloak (worn)
 C - a +2 robe of fire resistance (worn)
Jewellery
 s - a ring of protection from fire (left claw)
Magical devices
 p - a wand of invisibility (3)
 y - a wand of digging (3)
 D - a wand of heal wounds (5)
Scrolls
 a - a scroll of teleportation
 c - 5 scrolls of enchant armour
 d - 2 scrolls of magic mapping
 e - a scroll of blinking
 r - a scroll of fear {unknown}
 t - 2 scrolls of remove curse
 u - a scroll of amnesia {unknown}
 A - 2 scrolls of recharging {unknown}
 B - 2 scrolls of enchant weapon {unknown}
Potions
 h - a potion of lignification
 m - a potion of heal wounds
 v - a potion of agility
Comestibles
 b - 6 bread rations
 g - 4 meat rations
 k - 3 beef jerkies
 o - 30 fruits
 q - 2 royal jellies
 E - 2 slices of pizza


   Skills:
 + Level 8.6 Fighting
 - Level 2.4 Dodging
 - Level 1.1 Stealth
 * Level 13.6 Unarmed Combat


You had 9 spell levels left.
You didn't know any spells.

Dungeon Overview and Level Annotations

Branches:
Dungeon (8/15)             Temple (1/1) D:5            Lair (6/8) D:8
  Swamp (0/4) Lair:5
  Snake: Lair:3-6    Spider: Lair:3-6     Slime: Lair:6-8

Altars:
Ashenzari
Cheibriados
Dithmenos
Elyvilon
Fedhas
Gozag
Kikubaaqudgha
Makhleb
Nemelex Xobeh
Okawaru
Qazlal
Ru
Sif Muna
Trog
Vehumet
Xom
Yredelemnul
Zin
The Shining One

Annotations:
Lair:5 Maud
Lair:6 Rupert


Innate Abilities, Weirdness & Mutations

You are too large for most types of armour.
You have claws for hands.
Your metabolism is lightning-fast.
You like to eat raw meat.
You heal very quickly.
You are covered in fur (AC +1).
You have very tough skin (AC +2).


Message History

The sheep completely misses you. The spiny frog stings you!
You claw the spiny frog!
The spiny frog is moderately wounded.
The sheep closely misses you. The spiny frog stings you!
You mangle the spiny frog!!
The spiny frog is almost dead.
The sheep barely misses you.
You barely miss the spiny frog.
The spiny frog is almost dead.
The spiny frog stings you!
You barely miss the spiny frog.
The spiny frog is almost dead.
The spiny frog stings you!!
* * * LOW HITPOINT WARNING * * *
The sheep bites you.
* * * LOW HITPOINT WARNING * * *
You closely miss the spiny frog.
The spiny frog is almost dead.
The spiny frog stings you!!
You die...

,,,,,,,,,,,,,,,,,**,*,,,,,,,,,,,,
,,,,,,,,,...,,,,,,,...,,,,,,,,,,,
,,,,,,.........Y,,...,..,,,,,,,,,
,,,,,,,........,,,..,...,,,,,,,,,
,,,,,,,........,,,.+#..#,,,,,,,,,
,,,*,,,,......##*#......,,,,,**,,
,,,,*,,,##.....##...P#..,,,,,*,,,
,,,*,*,,#.......YFP....#,,,,,,,,,
,,*,,,,##.......@....#..,,,,,,,,,
,,,,,,,#....<.##†.......,,,,,,,,,
,,,,,...#........#P....#,,,,,,,,,
,,,,*,,*#......########.,,,,,,,,,
,,,****#.......#****,**,,,,,,,,,,
,,,*,*#..P.....#,*,,,,,,,,,,,,*,,
,,,,,.....P.....,,,,>,,,,,,,,,,,,
,,,,,....P#..##.#**,*,,*,,*******
**≈,,......#.#*## *******,*


You could see a spiny frog and a sheep.

Vanquished Creatures
  6 spiny frogs
  A komodo dragon (Lair:1)
  A queen bee (shapeshifter) (D:8)
  A hippogriff (Lair:5)
  2 hungry ghosts
  2 water moccasins
  3 sky beasts
  2 necrophages
  A swamp drake (Lair:5)
  A black bear (D:8)
  3 porcupines
  3 ice beasts
  A phantom (D:7)
  3 ogres
  3 orc warriors
  6 crocodiles
  6 giant frogs
  A scorpion (D:8)
  A wyvern skeleton (D:4)
  4 wights (D:7)
  A centaur zombie (D:7)
  2 giant frog skeletons
  A quasit (D:3)
  A hound (D:5)
  Crazy Yiuf (D:2)
  7 iguanas
  Jessica (D:3)
  6 orc priests
  7 orc wizards
  3 worker ants
  4 sheep (Lair:6)
  A hound skeleton (D:7)
  A hound zombie (D:8)
  5 gnolls
  3 adders
  15 river rats
  2 oozes (D:4)
  An adder zombie (D:2)
  An adder skeleton (D:4)
  3 giant geckos
  26 orcs
  2 bat skeletons (D:2)
  3 bat zombies (D:2)
  4 giant cockroaches
  11 hobgoblins
  4 jackals
  6 quokkas
  4 bats
  A giant cockroach zombie (D:2)
  A giant gecko skeleton (D:5)
  A giant gecko zombie (D:6)
  4 giant newts
  7 goblins
  10 kobolds
  7 rats
  A butterfly (Lair:2)
209 creatures vanquished.

Vanquished Creatures (others)
  2 fungi
2 creatures vanquished.

Grand Total: 211 creatures vanquished

Notes
Turn   | Place    | Note
--------------------------------------------------------------
     0 | D:1      | urechis the Troll Monk began the quest for the Orb.
     0 | D:1      | Reached XP level 1. HP: 22/22 MP: 0/0
   141 | D:1      | Reached XP level 2. HP: 26/29 MP: 1/1
   938 | D:2      | Found a snail-covered altar of Cheibriados.
   958 | D:2      | Reached XP level 3. HP: 37/37 MP: 2/2
  1217 | D:2      | Noticed Crazy Yiuf
  1222 | D:2      | Killed Crazy Yiuf
  1222 | D:2      | Reached skill level 5 in Unarmed Combat
  1222 | D:2      | Reached XP level 4. HP: 21/45 MP: 3/3
  1720 | D:3      | Reached XP level 5. HP: 7/53 MP: 4/4
  1873 | D:3      | Reached skill level 6 in Unarmed Combat
  1904 | D:3      | Noticed Jessica
  1910 | D:3      | Killed Jessica
  1992 | D:3      | Reached XP level 6. HP: 59/62 MP: 5/5
  2402 | D:4      | Found a blossoming altar of Fedhas.
  2493 | D:4      | Reached skill level 7 in Unarmed Combat
  2827 | D:5      | Entered Level 5 of the Dungeon
  2879 | D:5      | Reached XP level 7. HP: 49/71 MP: 6/6
  2989 | D:5      | Found a staircase to the Ecumenical Temple.
  2998 | Temple   | Entered the Ecumenical Temple
  3598 | D:5      | Reached skill level 8 in Unarmed Combat
  3677 | D:6      | Reached skill level 5 in Fighting
  3678 | D:6      | Found a glowing silver altar of Zin.
  3698 | D:6      | Reached XP level 8. HP: 44/80 MP: 7/7
  3784 | D:6      | Reached skill level 9 in Unarmed Combat
  3822 | D:6      | Found a basalt altar of Yredelemnul.
  3870 | D:6      | Found a basalt altar of Yredelemnul.
  3870 | D:6      | Found a sacrificial altar of Ru.
  3948 | D:6      | Found a blossoming altar of Fedhas.
  4244 | D:7      | Reached skill level 10 in Unarmed Combat
  4406 | D:7      | Reached XP level 9. HP: 86/88 MP: 8/8
  4474 | D:7      | Found a burning altar of Makhleb.
  5015 | D:8      | Reached skill level 11 in Unarmed Combat
  5148 | D:8      | Found a staircase to the Lair.
  5401 | D:8      | Found a glowing golden altar of the Shining One.
  5577 | Lair:1   | Entered Level 1 of the Lair of Beasts
  5577 | Lair:1   | Noticed a spiny frog
  5588 | D:8      | Killed a spiny frog
  5588 | D:8      | Reached skill level 12 in Unarmed Combat
  5676 | Lair:1   | Noticed a komodo dragon
  5689 | Lair:1   | Killed a komodo dragon
  5689 | Lair:1   | Reached XP level 10. HP: 57/101 MP: 9/9
  5839 | Lair:1   | Noticed a spiny frog
  5846 | Lair:1   | Killed a spiny frog
  6256 | Lair:3   | Noticed a six-headed hydra
  6378 | Lair:2   | Reached skill level 13 in Unarmed Combat
  6610 | Lair:6   | Noticed Rupert
  6618 | Lair:6   | Paralysed by Rupert for 7 turns
  6632 | Lair:5   | HP: 7/154 [poisoned by Rupert]
  6637 | Lair:5   | HP: 3/154 [poisoned by Rupert]
  6825 | Lair:5   | Found a staircase to the Swamp.
  7068 | Lair:5   | Noticed Maud
  7133 | Lair:5   | Noticed a death yak
  7133 | Lair:5   | Noticed a death yak
  7164 | Lair:6   | Slain by a spiny frog

Vault maps used:
D:1:      erik_arrival_blinker_ship
D:2:      old_standard_altar, serial_undead, serial_undead_e, serial_undead_b,
          serial_undead_a, serial_undead_a, serial_undead_d, serial_undead_b,
          uniq_crazy_yiuf_cottage
D:3:      first_bread, uniq_jessica
D:4:      eino_tiny_chamber, fedhas_altar_1
D:5:      minmay_temple_entry_statues_fountains, glass_columns_a,
          nrook_mini_backslash
D:6:      gammafunk_temple_overflow_elements, nicolae_overflow_crystal_walls,
          hangedman_feature_mirror
D:7:      basic_altar
D:8:      nicolae_overflow_hidden_temple, lair_0_dummy
Temple:   water_room_temple_a_12
Lair:1:   minivault_26, lemuel_fruit_tree
Lair:2:   grunt_megastairs_2, lemuel_fruit_fields
Lair:3:   lemuel_centaur_altar
Lair:4:   dummy_snake_entry, uniq_harold
Lair:5:   minmay_swamp_entry_reptiles, grunt_megastairs_3, uniq_maud
Lair:6:   slime_altar_1, serial_bayou_shore_b, uniq_rupert

Action                   |  1- 3 |  4- 6 |  7- 9 | 10-12 || total
-------------------------+-------+-------+-------+-------++-------
Melee: Unarmed           |    95 |   134 |   247 |   139 ||   615
Throw: Throwing net      |       |       |       |     1 ||     1
  Use: Potion            |       |     1 |       |     6 ||     7
       Scroll            |       |       |     6 |     4 ||    10
 Stab: Sleeping          |     3 |     1 |     2 |     1 ||     7
       Distracted        |       |     1 |       |       ||     1
  Eat: Chunk             |     9 |    21 |    26 |    16 ||    72
